 Dungeon Crawl Stone Soup version 0.18.1-48-g4cf74bf (webtiles) character file.

7859 Krapule the Covert (level 11, -4/58 HPs)
             Began as a Vine Stalker Monk on Aug 5, 2016.
             Was an Elder of Cheibriados.
             Slain by a komodo dragon (24 damage)
             ... on level 2 of the Lair of Beasts.
             The game lasted 00:31:44 (7276 turns).

Krapule the Covert (Vine Stalker Monk)              Turns: 7276, Time: 00:31:45

Health: -4/58      AC:  8    Str: 31    XL:     11   Next: 21%
Magic:  0/26       EV: 20    Int: 20    God:    Cheibriados [****..]
Gold:   512        SH:  3    Dex: 29    Spells: 0 memorised, 10 levels left

rFire  . . .     SeeInvis .       - Unarmed
rCold  . . .     Gourm    .     a - +1 robe of the Skies Above {rN+ rCorr}
rNeg   + . .     Faith    .     (no shield)
rPois  .         Spirit   +     z - +0 helmet
rElec  .         Dismiss  .     I - +1 cloak
rCorr  +         Reflect  +     x - +0 pair of gloves
SustAt .         Harm     .     t - +0 pair of boots
MR     +....                    g - +3 amulet of reflection
Stlth  +++++.....               R - ring of magical power
                                l - +6 ring of strength

@: very slow, somewhat resistant to hostile enchantments, quite stealthy
A: fangs 3, regeneration 2, magic shield, antimagic bite, no device heal 3, rot
immunity
a: Bend Time, Temporal Distortion, Slouch, Renounce Religion


You were on level 2 of the Lair of Beasts.
You worshipped Cheibriados.
Cheibriados was greatly pleased with you.
You were not hungry.

You visited 3 branches of the dungeon, and saw 11 of its levels.

You collected 512 gold pieces.

Inventory:

Missiles
 s - 2 throwing nets (quivered)
Armour
 a - the +1 robe of the Skies Above (worn) {rN+ rCorr}
   (You found it on level 5 of the Dungeon)

   It protects you from negative energy.
   It protects you from acid and corrosion.
 t - a +0 pair of boots (worn)
 x - a +0 pair of gloves (worn)
 z - a +0 helmet (worn)
 I - a +1 cloak (worn)
Jewellery
 g - a +3 amulet of reflection (around neck)
 l - a +6 ring of strength (left hand)
 m - a +2 ring of dexterity
 F - an uncursed amulet of faith
 J - an uncursed amulet of harm
 K - an uncursed amulet of magic regeneration
 L - an uncursed amulet of rage
 R - a ring of magical power (right hand)
Wands
 i - a wand of flame (30/48)
 A - a wand of polymorph (12/24)
 B - a wand of disintegration (0/24)
Scrolls
 f - a scroll of identify
 h - 3 scrolls of remove curse
 j - 3 scrolls of enchant armour
 n - 2 scrolls of enchant weapon
 p - 5 scrolls of teleportation {unknown}
 r - a scroll of immolation {unknown}
 u - a scroll of magic mapping {unknown}
 y - 2 scrolls of recharging {unknown}
 E - a scroll of fog
 G - a scroll of amnesia {unknown}
 H - a scroll of holy word {unknown}
 Q - a scroll of silence {unknown}
Potions
 d - a potion of brilliance
 e - 4 potions of curing
 k - a potion of might
 o - a potion of agility
 q - a potion of lignification
 v - a potion of flight
 C - 2 potions of resistance
 D - 2 potions of cure mutation
 O - a potion of ambrosia
Comestibles
 b - 7 bread rations
 c - 2 beef jerkies
 w - 5 meat rations
 N - a slice of pizza
 P - 8 fruits


   Skills:
 + Level 7.5 Fighting
 - Level 3.0 Armour
 + Level 6.8 Dodging
 + Level 10.0 Stealth
 + Level 8.8 Unarmed Combat
 + Level 6.7 Invocations


You had 10 spell levels left.
You didn't know any spells.

Dungeon Overview and Level Annotations

Branches:
Dungeon (8/15)             Temple (1/1) D:4            Lair (2/8) D:8

Altars:
Ashenzari
Cheibriados
Dithmenos
Elyvilon
Fedhas
Gozag
Kikubaaqudgha
Makhleb
Okawaru
Pakellas
Qazlal
Ru
Sif Muna
Trog
Vehumet
Xom
Yredelemnul
Zin
The Shining One


Innate Abilities, Weirdness & Mutations

You have razor-sharp teeth.
You heal very quickly.
When hurt, damage is shared between your health and your magic reserves.
Your bite disrupts and absorbs the magic of your enemies.
Potions and wands cannot restore your health.
You are immune to rotting.


Message History

A komodo dragon comes into view.
The komodo dragon hisses angrily.
The komodo dragon misses you. The komodo dragon closely misses you.
You hit the komodo dragon but do no damage.
You punch the komodo dragon, but do no damage.
You bite the komodo dragon! You drain its power.
The komodo dragon is moderately wounded.
You punch the komodo dragon! Your bite misses the komodo dragon.
The komodo dragon is moderately wounded.
The komodo dragon bites you!!
You hit the komodo dragon.
You bite the komodo dragon, but do no damage.
The komodo dragon is moderately wounded.
The komodo dragon bites you!!
You hit the komodo dragon but do no damage.
You bite the komodo dragon, but do no damage.
The komodo dragon is moderately wounded.
The komodo dragon bites you but does no damage.
The komodo dragon bites you!!
You die...

##..#............#
P..... . ###
#.###...........## . .P#
##.##............# .. ##
.## #.###...........#..#
##.
.P####..####...........
##..
..##.P...#.##........###
#...
.##........####.....##
....
.........(..#####l.##
....
.........P...#..@###
.... ......P.........##
.... ...............##
....
...P..P.........####
....
.................#.#
#...
...............#...#
##..
...............##..##
#P.
..........[..####..P#
### .............#
#.#..# ###.##


You could see a komodo dragon.

Vanquished Creatures
  A hydra (Lair:2)
  The ghost of Galewind the Thaumaturge, a novice DECj of Vehumet (D:8)
  5 spiny frogs
  A polar bear (Lair:2)
  A wyvern (D:8)
  6 yaks (Lair:1)
  A wraith (D:6)
  3 hippogriffs
  2 porcupines
  2 sky beasts
  2 ogres (D:4)
  2 orc warriors
  A phantom (D:6)
  A black bear (D:6)
  6 wolves (Lair:2)
  3 centaurs
  2 crocodiles (Lair:2)
  2 big kobolds (D:7)
  3 giant frogs
  A scorpion (D:4)
  4 killer bees
  4 howler monkeys (D:8)
  3 crimson imps
  2 giant frog zombies
  A quasit (D:6)
  Crazy Yiuf (D:6)
  4 orc priests
  2 hounds (D:8)
  2 jellies
  4 orc wizards
  A giant frog skeleton (D:8)
  Jessica (D:2)
  6 iguanas
  4 worker ants
  12 adders
  8 gnolls
  7 river rats (Lair:1)
  3 oozes (D:2)
  An adder skeleton (D:5)
  3 worms
  5 giant geckos
  11 orcs
  4 giant cockroaches
  4 goblins
  11 hobgoblins
  11 jackals
  16 kobolds
  A quokka (D:3)
  3 bats
  7 giant newts
  A quokka skeleton (D:5)
  7 rats
200 creatures vanquished.

Notes
Turn   | Place    | Note
--------------------------------------------------------------
     0 | D:1      | Krapule the Vine Stalker Monk began the quest for the Orb.
     0 | D:1      | Reached XP level 1. HP: 11/11 MP: 2/2
   106 | D:1      | Reached XP level 2. HP: 16/16 MP: 3/3
   346 | D:1      | Reached XP level 3. HP: 15/19 MP: 4/4
   591 | D:2      | Reached skill level 3 in Stealth
   607 | D:2      | Reached skill level 1 in Armour
   736 | D:2      | Found a faded altar to an unknown god.
   767 | D:2      | Noticed Jessica
   773 | D:2      | Killed Jessica
   773 | D:2      | Reached XP level 4. HP: 14/24 MP: 5/5
  1528 | D:3      | Found an ancient bone altar of Kikubaaqudgha.
  1662 | D:3      | Reached XP level 5. HP: 28/28 MP: 6/6
  1708 | D:3      | Found a white marble altar of Elyvilon.
  2009 | D:4      | Gained mutation: You heal very quickly. [Vine Stalker growth]
  2009 | D:4      | Reached XP level 6. HP: 12/32 MP: 3/7
  2064 | D:4      | Reached skill level 5 in Unarmed Combat
  2103 | D:4      | Reached skill level 4 in Stealth
  2422 | D:4      | Found a staircase to the Ecumenical Temple.
  2509 | D:4      | Reached XP level 7. HP: 30/37 MP: 8/8
  2551 | Temple   | Entered the Ecumenical Temple
  2736 | D:4      | Found a snail-covered altar of Cheibriados.
  2741 | D:4      | Became a worshipper of Cheibriados the Contemplative
  2741 | D:4      | Reached * piety under Cheibriados
  2741 | D:4      | Reached ** piety under Cheibriados
  2978 | D:5      | Entered Level 5 of the Dungeon
  2983 | D:5      | Found a shimmering altar of Xom.
  2996 | D:5      | Reached skill level 5 in Stealth
  2996 | D:5      | Reached skill level 1 in Invocations
  3041 | D:5      | Got a creamy pearl robe
  3069 | D:5      | Identified the +1 robe of the Skies Above {rN+ rCorr} (You found it on level 5 of the Dungeon)
  3190 | D:5      | Found an iron altar of Okawaru.
  3207 | D:5      | Gained mutation: You have razor-sharp teeth. [Vine Stalker growth]
  3207 | D:5      | Reached XP level 8. HP: 42/42 MP: 8/10
  3478 | D:6      | Noticed Crazy Yiuf
  3488 | D:6      | Killed Crazy Yiuf
  3889 | D:6      | Reached skill level 6 in Stealth
  3974 | D:6      | Found a shattered altar of Ashenzari.
  4088 | D:6      | Reached *** piety under Cheibriados
  4206 | D:6      | Reached skill level 5 in Fighting
  4333 | D:6      | Noticed a wraith
  4347 | D:6      | Killed a wraith
  4347 | D:6      | Reached XP level 9. HP: 21/47 MP: 5/12
  4618 | D:7      | Reached skill level 5 in Dodging
  4699 | D:7      | Reached **** piety under Cheibriados
  4705 | D:7      | Reached skill level 7 in Stealth
  5279 | D:8      | Found a burning altar of Makhleb.
  5319 | D:8      | Found a staircase to the Lair.
  5423 | D:8      | Noticed Galewind's ghost (novice DECj)
  5432 | D:8      | Killed Galewind's ghost
  5445 | D:8      | Reached ***** piety under Cheibriados
  5459 | D:8      | Reached XP level 10. HP: 43/53 MP: 14/14
  5466 | D:8      | Reached skill level 5 in Invocations
  5480 | D:8      | Reached skill level 8 in Stealth
  5914 | Lair:1   | Entered Level 1 of the Lair of Beasts
  6111 | Lair:1   | Noticed a spiny frog
  6116 | Lair:1   | Noticed a spiny frog
  6124 | Lair:1   | Killed a spiny frog
  6128 | Lair:1   | Killed a spiny frog
  6163 | Lair:1   | Noticed a spiny frog
  6168 | Lair:1   | Killed a spiny frog
  6380 | Lair:1   | Reached skill level 9 in Stealth
  6628 | Lair:2   | Noticed a spiny frog
  6639 | Lair:2   | Killed a spiny frog
  6733 | Lair:2   | Noticed a spiny frog
  6761 | Lair:2   | Killed a spiny frog
  6822 | Lair:2   | Reached XP level 11. HP: 58/58 MP: 16/16
  6968 | Lair:2   | Noticed a four-headed hydra
  6974 | Lair:2   | Killed a four-headed hydra
  6994 | Lair:2   | Reached skill level 10 in Stealth
  7276 | Lair:2   | Slain by a komodo dragon

Skill      XL: |  1  2  3  4  5  6  7  8  9 10 11 |
---------------+----------------------------------+-----
Fighting       | 3 4 5 6 7 |  7.5
Stealth        | 3 4 5 6 7 9 10 | 10.0
Armour         | 1 2 3 |  3.0
Dodging        | 3 4 5 6 |  6.8
Unarmed Combat | 5 6 7 8 |  8.8
Invocations    | 1 3 4 6 |  6.7

Action                   |  1- 3 |  4- 6 |  7- 9 | 10-12 || total
-------------------------+-------+-------+-------+-------++-------
Melee: Unarmed           |    71 |   142 |   223 |   154 ||   590
       Bite              |    18 |    49 |   124 |    88 ||   279
       Punch             |     3 |     4 |    13 |    17 ||    37
Evoke: Wand              |       |       |     5 |     9 ||    14
       Phantom mirror    |       |       |       |     1 ||     1
  Use: Scroll            |       |     2 |    12 |     3 ||    17
 Stab: Sleeping          |     5 |     8 |    16 |     5 ||    34
       Distracted        |       |       |       |     1 ||     1
  Eat: Chunk             |       |     4 |     7 |     3 ||    14
Armor: Robe              |     6 |     2 |    53 |    28 ||    89
       Ring mail         |       |    15 |     5 |       ||    20
Dodge: Dodged            |    37 |    65 |   201 |   120 ||   423
Block: Other             |       |       |       |     8 ||     8
